AoeStats
← aac

Migration

509694022Analyzed
1v1 RM · 5d ago on Sep 27, 2026· 52m 12s· 2 players
Game mode
Random Map
Map size
132×132
Population
200
Speed
Normal
Resources
Standard
Victory
Conquest
Starting age
Dark Age
Ending age
Imperial Age
RankedLock teamsTeams togetherTeam positionsShared explorationLock speedFull tech treeHidden civsTurbo modeCheats
Victory
Defeat
🇦🇷 Vietnamese · Argentina
436
+14
🇪🇸 Bengalis · Spain
390
-14
pepenacho2007
12:50 Feudal Age
13:51 Double-Bit Axe
14:41 Horse Collar
21:55 Castle Age
19:46 Loom
20:38 Wheelbarrow
23:14 Gold Mining
23:15 Stone Mining
23:44 Bow Saw
26:22 Hand Cart
26:18 Heavy Plow
29:25 Gold Shaft Mining
37:18 Imperial Age
38:08 Pikeman
38:09 Man-at-Arms
38:35 Gambesons
38:50 Squires
38:36 Arson
39:08 Forging
39:00 Scale Mail Armor
39:00 Padded Archer Armor
38:51 Fletching
39:07 Scale Barding Armor
39:49 Crop Rotation
43:19 Two-Man Saw
42:36 Long Swordsman
42:38 Halberdier
42:44 Crossbowman
42:45 Elite Skirmisher
45:36 Iron Casting
45:17 Chain Mail Armor
45:18 Leather Archer Armor
45:00 Bodkin Arrow
44:46 Two-Handed Swordsman
47:45 Chemistry
47:06 Ballistics
46:37 Heated Shot
47:23 Conscription
49:57 Elite Battle Elephant
aac
1:35 Loom
13:37 Feudal Age
14:14 Double-Bit Axe
15:07 Wheelbarrow
15:28 Fishing Lines
17:46 Stone Mining
17:46 Gold Mining
24:34 Castle Age
24:19 Scale Mail Armor
24:29 Forging
24:20 Padded Archer Armor
24:10 Fletching
25:25 Pikeman
26:26 Bow Saw
26:51 Hand Cart
39:06 Imperial Age
37:18 Stone Shaft Mining
39:25 Fletching
39:50 Leather Archer Armor
40:07 Ballistics
39:28 Treadmill Crane
41:09 Chemistry
40:38 Gillnets
41:16 Leather Archer Armor
40:56 Bodkin Arrow
41:17 Chain Mail Armor
41:13 Forging
41:18 Chain Mail Armor
40:36 Elite Skirmisher
45:54 Two-Man Saw
46:22 Imperial Skirmisher
47:08 Thumb Ring
48:54 Halberdier
52:47 Squires
52:34 Arson
Connection lost

Rejoining the realm…

Still unreachable

The connection could not be restored.

Session expired

The server has moved on; the page needs a fresh start.